Map: [TLMC19] Atlantis

Players

LiquidMaNa (MaNa)

  • Race: Protoss Protoss
  • League: Master
  • Spawn Location: 11:00

Dark - Winner!

  • Race: Zerg Zerg
  • Spawn Location: 5:00

VOD

Have the link to the VOD?

Description

Time

  • Played on: Dec. 22, 2023, 6:57 a.m.
  • Length: 15:00
Show
View Real Time Build Order
Export as new Build Order

LiquidMaNa Protoss 

Build Orders: 1 Gate Expand, Oracle Opening 

Get SALT Encoding   

  12  0:00  Probe  
  13  0:12  Probe  
  14  0:21  Pylon  
  14  0:24  Probe  
  15  0:39  Probe (Chrono Boost)  
  16  0:45  Gateway  
  16  0:48  Probe (Chrono Boost)  
  17  0:53  Probe (Chrono Boost)  
  17  0:54  Assimilator  
  18  1:04  Pylon  
  18  1:05  Probe  
  19  1:17  Probe  
  20  1:30  Nexus  
  20  1:33  Probe  
  21  1:44  Cybernetics Core  
  21  1:46  Probe  
  22  1:54  Assimilator  
  22  1:58  Probe  
  23  2:03  Pylon  
  23  2:19  Adept (Chrono Boost)  
  23  2:21  Probe (Chrono Boost)  
  26  2:25  Stargate  
  26  2:33  Probe (Chrono Boost)  
  26  2:36  Warp Gate  
  27  2:39  Probe (Chrono Boost)  
  27  2:41  Adept  
  27  2:43  Pylon  
  30  2:46  Probe (Chrono Boost)  
  32  2:56  Probe (Chrono Boost)  
  32  2:57  Probe (Chrono Boost)  
  33  3:02  Probe x2 (Chrono Boost)  
  35  3:08  Oracle (Chrono Boost)  
  38  3:13  Probe  
  38  3:14  Probe  
  38  3:15  Gateway  
  40  3:25  Probe  
  40  3:26  Probe  
  42  3:27  Pylon  
  42  3:37  Probe (Chrono Boost)  
  42  3:39  Probe (Chrono Boost)  
  42  3:41  Pylon  
  44  3:46  Oracle  
  47  3:49  Probe (Chrono Boost)  
  49  3:56  Nexus, Probe (Chrono Boost)  
  49  3:57  Probe (Chrono Boost)  
  49  4:02  Probe  
  51  4:04  Probe (Chrono Boost)  
  51  4:06  Pylon  
  52  4:13  Assimilator  
  52  4:15  Assimilator  
  52  4:17  Probe (Chrono Boost)  
  54  4:20  Probe (Chrono Boost)  
  54  4:24  Probe (Chrono Boost)  
  54  4:25  Stalker  
  54  4:27  Probe (Chrono Boost)  
  54  4:29  Robotics Facility  
  54  4:30  Forge  
  54  4:31  Probe  
  58  4:38  Shield Battery  
  59  4:39  Probe  
  59  4:43  Probe  
  61  4:46  Oracle  
  61  4:51  Probe, Pylon  
  65  4:54  Sentry x2  
  65  4:55  Probe  
  70  5:06  Probe  
  68  5:08  Pylon  
  68  5:09  Protoss Ground Weapons Level 1  
  68  5:17  Photon Cannon x2  
  68  5:19  Zealot x2  
  68  5:20  Shield Battery  
  72  5:29  Pylon  
  72  5:39  Photon Cannon  
  72  5:40  Gateway  
  72  5:41  Pylon  
  72  5:46  Zealot x2, Immortal (Chrono Boost)  
  80  5:55  Gateway  
  80  5:59  Photon Cannon  
  80  6:08  Stalker  
  80  6:09  Stalker  
  82  6:12  Probe x3  
  85  6:20  Immortal  
  85  6:24  Shield Battery  
  89  6:27  Shield Battery  
  89  6:32  Sentry x2  
  93  6:37  Photon Cannon  
  93  6:38  Photon Cannon  
  91  6:40  Pylon  
  91  6:43  Pylon, Probe x3  
  94  6:56  Twilight Council  
  85  7:05  Pylon  
  82  7:08  Stalker x3  
  82  7:09  Immortal  
  90  7:16  Probe x2  
  90  7:21  Protoss Ground Armor Level 1 (Chrono Boost)  
  83  7:33  Charge  
  83  7:34  Templar Archives  
  83  7:36  Zealot x3  
  89  7:37  Gateway  
  90  7:51  Observer  
  90  8:01  Zealot x2  
  90  8:02  Nexus  
  90  8:05  Pylon  
  94  8:23  Warp Prism  
  96  8:29  Zealot, High Templar x2  
  96  8:33  Archon, Photon Cannon  
  102  8:35  Photon Cannon  
  102  8:38  Pylon  
  102  8:39  Pylon  
  102  8:52  Gateway  
  102  8:53  Gateway  
  102  8:56  Probe x2  
  104  9:03  Zealot x2, High Templar x2  
  104  9:07  Archon  
  104  9:08  Probe  
  104  9:09  Probe  
  114  9:10  Protoss Ground Weapons Level 2 (Chrono Boost)  
  112  9:20  Probe x2  
  112  9:21  Shield Battery, Probe  
  115  9:25  Zealot  
  115  9:33  Probe x2  
  117  9:40  Probe  
  117  9:42  Zealot x3  
  117  9:45  Probe x2  
  126  9:46  Zealot  
  126  9:52  Probe  
  122  9:57  Zealot  
  122  9:58  Zealot, Probe  
  109  10:06  Zealot x4  
  108  10:08  Probe x2  
  108  10:10  Probe  
  101  10:20  Probe x2  
  97  10:22  High Templar, Probe  
  97  10:23  High Templar  
  97  10:27  Zealot x4  
  100  10:28  Archon  
  100  10:33  Immortal  
  82  10:49  High Templar  
  74  10:50  High Templar x2  
  74  10:51  High Templar  
  74  10:53  Photon Cannon  
  74  10:54  Pylon  
  74  10:56  Archon  
  80  10:57  Archon  
  80  11:00  Gateway x2  
  80  11:02  Warp Prism  
  80  11:03  Gateway, Shield Battery  
  80  11:04  Zealot  
  82  11:05  Zealot, Gateway  
  84  11:16  Assimilator  
  86  11:23  Nexus  
  86  11:28  High Templar x2  
  86  11:30  Psionic Storm  
  90  11:36  Observer  
  90  11:40  Pylon  
  90  11:42  Zealot x4  
  98  11:52  Immortal  
  102  11:59  Stalker  
  103  12:02  Probe x3  
  103  12:04  High Templar  
  108  12:13  Nexus  
  108  12:16  Pylon  
  108  12:20  Protoss Ground Weapons Level 3 (Chrono Boost)  
  108  12:34  Zealot x6  
  120  12:42  Photon Cannon  
  120  12:45  Shield Battery  
  120  12:47  High Templar x2  
  120  12:50  Probe x2  
  126  12:54  Archon  
  126  12:55  Assimilator  
  126  12:56  Assimilator  
  126  13:03  Zealot x7  
  138  13:09  Observer (Chrono Boost)  
  130  13:16  Zealot  
  130  13:23  Archon  
  130  13:24  Zealot x9  
  105  13:42  Zealot  
  105  13:44  Zealot x3  
  105  13:45  Zealot x3  
  105  13:47  Immortal  
  88  13:57  Stalker, Zealot x2  
  87  14:05  Zealot x5  
  87  14:06  Zealot  
  99  14:16  Templar Archives  
  87  14:19  Zealot x4  
  87  14:24  Zealot  
  61  14:40  Zealot x3  
  61  14:45  Pylon  
  65  14:48  Zealot  
Show
View Real Time Build Order
Export as new Build Order

Dark Zerg - Winner!

Build Orders: Hatch First 

Get SALT Encoding   

  12  0:00  Drone  
  13  0:12  Overlord  
  13  0:16  Drone  
  14  0:31  Drone x2  
  16  0:40  Drone  
  17  0:55  Drone  
  17  0:56  Hatchery  
  17  0:59  Drone  
  18  1:07  Drone  
  18  1:10  Extractor  
  18  1:18  Spawning Pool  
  17  1:20  Drone  
  18  1:28  Drone  
  19  1:39  Drone  
  20  1:52  Drone  
  21  2:07  Queen  
  21  2:08  Queen  
  25  2:09  Zergling x2  
  25  2:10  Drone  
  25  2:12  Metabolic Boost  
  25  2:14  Drone  
  28  2:30  Overlord  
  28  2:36  Overlord  
  28  2:49  Drone x4  
  32  2:52  Zergling x2  
  32  2:56  Queen  
  32  2:57  Hatchery  
  34  3:03  Queen  
  36  3:06  Drone  
  36  3:08  Drone  
  36  3:11  Drone  
  39  3:20  Overlord  
  39  3:21  Drone  
  39  3:22  Drone x2  
  39  3:24  Drone  
  39  3:26  Drone  
  44  3:40  Drone x4  
  48  3:43  Queen  
  48  3:47  Lair  
  50  3:52  Drone x2  
  52  4:00  Overlord  
  52  4:07  Spore Crawler  
  52  4:09  Queen, Extractor  
  52  4:12  Spore Crawler  
  52  4:14  Drone x5  
  56  4:18  Drone, Queen  
  56  4:19  Drone  
  60  4:24  Zergling x6  
  60  4:26  Drone x2  
  60  4:28  Drone  
  66  4:33  Overlord x2  
  66  4:40  Overlord  
  66  4:43  Overlord  
  66  4:44  Overlord  
  66  4:48  Nydus Network  
  66  4:49  Overlord  
  65  4:58  Zergling x10  
  65  4:59  Zergling x2  
  65  5:08  Zergling x12  
  71  5:14  Zergling x2  
  71  5:15  Zergling x2  
  71  5:20  Zergling x6  
  76  5:24  Nydus Canal  
  76  5:26  Zergling x6  
  76  5:27  Zergling x4  
  81  5:32  Zergling x10  
  86  5:36  Zergling x2  
  86  5:39  Zergling x2  
  88  5:46  Nydus Canal  
  90  5:50  Zergling x6, Baneling Nest  
  90  5:55  Zergling x4  
  91  6:08  Spine Crawler  
  91  6:09  Spine Crawler  
  91  6:10  Spine Crawler  
  91  6:11  Zergling x14  
  90  6:34  Queen  
  90  6:35  Queen  
  90  6:37  Baneling x17  
  91  6:40  Zergling x2  
  91  6:41  Zergling x4  
  94  6:52  Zergling x12  
  86  7:03  Zergling x14  
  92  7:17  Drone  
  92  7:18  Drone x4  
  92  7:20  Drone  
  92  7:24  Drone  
  92  7:28  Drone x2  
  92  7:29  Drone  
  96  7:35  Hydralisk Den, Extractor  
  96  7:36  Drone x2  
  94  7:37  Extractor  
  94  7:40  Drone  
  91  7:48  Drone x2  
  91  7:50  Evolution Chamber  
  92  7:51  Drone  
  92  8:01  Drone x3  
  92  8:02  Drone  
  92  8:04  Drone x2  
  92  8:05  Drone x3  
  100  8:12  Drone x2  
  103  8:14  Drone  
  103  8:16  Grooved Spines, Zerg Missile Weapons Level 1  
  101  8:21  Overlord  
  99  8:29  Drone x5  
  99  8:33  Extractor  
  101  8:34  Overlord x4  
  101  8:35  Extractor  
  98  8:44  Drone x2  
  98  8:46  Drone x2  
  98  8:48  Hatchery, Hydralisk x3  
  101  8:55  Hydralisk x3  
  106  8:59  Hydralisk x2  
  106  9:01  Hydralisk  
  117  9:06  Muscular Augments  
  117  9:07  Hydralisk x2  
  117  9:09  Hydralisk  
  123  9:11  Hydralisk  
  123  9:15  Hydralisk  
  126  9:18  Hydralisk x2  
  126  9:21  Hydralisk  
  132  9:25  Zergling x8  
  123  9:38  Hydralisk x4  
  123  9:39  Hydralisk  
  123  9:40  Hydralisk  
  123  9:43  Hydralisk x2  
  135  9:46  Hydralisk  
  135  9:48  Hydralisk  
  132  9:53  Hydralisk x2  
  132  9:58  Hydralisk x2  
  124  10:00  Zergling x2  
  124  10:04  Hydralisk  
  124  10:06  Hydralisk  
  106  10:10  Hydralisk  
  106  10:12  Zergling x6  
  106  10:13  Zergling x2  
  96  10:18  Hydralisk  
  96  10:20  Hydralisk  
  84  10:22  Zergling x2  
  72  10:28  Hydralisk  
  72  10:29  Hydralisk  
  72  10:35  Hydralisk  
  68  10:36  Hydralisk  
  67  10:45  Drone x5  
  67  10:48  Drone  
  73  10:50  Drone  
  73  10:52  Drone  
  73  10:56  Drone  
  76  10:58  Drone  
  76  11:00  Drone  
  76  11:02  Drone  
  79  11:05  Drone  
  79  11:10  Drone x3  
  83  11:15  Zerg Missile Weapons Level 2  
  83  11:18  Drone  
  83  11:19  Drone  
  83  11:23  Hydralisk x2  
  89  11:26  Hydralisk  
  89  11:29  Hydralisk  
  89  11:32  Hydralisk  
  93  11:33  Hydralisk  
  93  11:39  Hydralisk  
  97  11:40  Hydralisk x2  
  97  11:41  Overseer  
  97  11:43  Drone  
  97  11:44  Drone  
  97  11:46  Hydralisk  
  107  11:47  Hydralisk  
  107  11:51  Hydralisk  
  107  11:52  Hydralisk  
  113  11:55  Hydralisk  
  113  11:58  Drone x2  
  113  12:00  Hydralisk  
  119  12:12  Roach Warren  
  118  12:27  Overlord x2  
  118  12:34  Hydralisk  
  118  12:35  Hydralisk x9  
  138  12:40  Hydralisk  
  138  12:41  Hydralisk  
  138  12:42  Nydus Canal  
  142  12:47  Hydralisk x2  
  142  12:51  Hydralisk  
  146  12:54  Hydralisk  
  150  13:03  Roach x3  
  150  13:04  Roach  
  150  13:05  Nydus Canal  
  152  13:13  Overlord x2  
  152  13:15  Overlord x2  
  144  13:26  Hydralisk x3  
  144  13:27  Hydralisk  
  124  13:29  Hydralisk x2  
  128  13:40  Roach x3  
  128  13:41  Roach  
  126  13:43  Hydralisk x2  
  126  13:54  Queen x2  
  126  13:55  Queen x2, Hydralisk x4  
  136  14:03  Roach  
  136  14:04  Roach  
  136  14:07  Hydralisk x2  
  144  14:14  Nydus Canal  
  132  14:19  Roach x4  
  130  14:28  Roach x2  
  130  14:31  Roach x2  
  134  14:34  Hydralisk x2  
  138  14:45  Hatchery  
Tags
 
Add a new tag
Caveats
  • Supply blocks, unpowered buildings, or Contaminate may cause inaccurate times.
  • Supply counts are checked every 10 seconds.